 Dungeon Crawl Stone Soup version 0.29-a0-350-g7790a0e70a (webtiles) character file.

Game seed: 11434801322272727019

29 spaghetti the Grave Robber (level 3, -4/25 HPs)
             Began as a Gnoll Necromancer on Apr 22, 2022.
             Succumbed to a kobold's poison
             ... on level 1 of the Dungeon.
             The game lasted 00:01:28 (1178 turns).

spaghetti the Grave Robber (Gnoll Necromancer)      Turns: 1178, Time: 00:01:28

Health: -4/25      AC:  2    Str:  6 (7)  XL:     3   Next: 16%
Magic:  8/9        EV: 13    Int: 15 (16) God:
Gold:   25         SH:  0    Dex: 10 (12) Spells: 11/12 levels left

rFire   . . .      SeeInvis .   g - +0 mace {mace}
rCold   . . .      Faith    .   (no shield)
rNeg    . . .      Spirit   .   a - +0 robe
rPois   .          Reflect  .   (no helmet)
rElec   .          Harm     .   (no cloak)
rCorr   .          Rampage  .   (no gloves)
Will    .....                   (no boots)
Stlth   ++........              (no amulet)
HPRegen 0.08/turn               (no ring)
MPRegen 0.11/turn               (no ring)

@: lethally poisoned (-4 -> -26), attractive, invisible
A: fangs 1, strong nose, distributed training
a: no special abilities


You were on level 1 of the Dungeon.
You visited 1 branch of the dungeon, and saw 1 of its levels.

You collected 25 gold pieces.


Innate Abilities, Weirdness & Mutations

You have very sharp teeth.
Your uncanny sense of smell can sniff out nearby items.
Your experience applies equally to all skills.


   Skills:
 + Level 0.6 Fighting
 + Level 0.6 Short Blades
 + Level 0.6 Long Blades
 + Level 0.6 Axes
 + Level 0.6 Maces & Flails
 + Level 0.6 Polearms
 + Level 0.6 Staves
 + Level 0.6 Slings
 + Level 0.6 Bows
 + Level 0.6 Crossbows
 + Level 0.6 Throwing
 + Level 0.6 Armour
 + Level 4.5 Dodging
 + Level 4.1 Stealth
 + Level 0.6 Shields
 + Level 0.6 Unarmed Combat
 + Level 5.0 Spellcasting
 + Level 0.4 Conjurations
 + Level 0.4 Hexes
 + Level 0.4 Summonings
 + Level 7.1 Necromancy
 + Level 0.4 Translocations
 + Level 0.4 Transmutations
 + Level 0.4 Fire Magic
 + Level 0.4 Ice Magic
 + Level 0.4 Air Magic
 + Level 0.4 Earth Magic
 + Level 0.4 Poison Magic
 + Level 0.8 Invocations
 + Level 0.6 Evocations


You had 11 spell levels left.
You knew the following spells:

 Your Spells              Type           Power      Damage    Failure   Level
a - Pain                  Necr           100%       1d9       1%          1

Your spell library contained the following spells:

 Spells                   Type           Power      Damage    Failure   Level
 Animate Skeleton         Necr           50%        N/A       1%          1
 Vampiric Draining        Necr           25%        2d7       2%          3
 Animate Dead             Necr           12%        N/A       9%          4
 Agony                    Necr           25%        N/A       24%         5

Inventory:

Hand Weapons
 d - a +0 club {mace}
   (You took it off a goblin on level 1 of the Dungeon)
 e - a +0 dagger {short}
   (You took it off a goblin on level 1 of the Dungeon)
 g - a +0 mace (weapon) {mace}
   (You found it on level 1 of the Dungeon)
 k - a +0 dagger {short}
   (You took it off a kobold on level 1 of the Dungeon)
 l - a +0 dagger {short}
   (You took it off a goblin on level 1 of the Dungeon)
 n - a +0 club {mace}
   (You took it off a goblin on level 1 of the Dungeon)
 o - a +0 hand axe {axe}
   (You found it on level 1 of the Dungeon)
 q - a +0 club {mace}
   (You took it off a kobold on level 1 of the Dungeon)
Missiles
 c - 23 stones {throwing}
Armour
 a - a +0 robe (worn)
Scrolls
 h - 2 scrolls of immolation {unknown}
 j - a scroll of identify {unknown}
 r - a scroll of teleportation {unknown}
Potions
 b - 2 potions of magic
 f - a potion of degeneration {!q@e2}
 p - a potion of curing {unknown}

Dungeon Overview and Level Annotations

Branches:
Dungeon (1/15)

Altars:

#.# #.....# #########.... #.#
####### #............ #.##
#............ #..#
######............ ###''####
#................. #.......#
#..............[>. #.♣.≈P..#
#............†.### #....≈..#
#..............# ##≈..≈≈≈#
###@.............#
#..≈≈..#......KK.............#
##.≈≈≈.P#.######........†.....#
#.≈≈≈≈≈.# #..............#
.≈≈≈≈≈PP# #......#########
#.≈≈≈≈≈P# #......# ######
##.≈≈≈≈P# #......# #.....
##.≈≈≈≈≈# #......# #.###.
#.≈≈≈≈≈P# #......# #..#..


You could see 2 kobolds.


Message History

You lost 1 mp, and now have 6/9 mp.
Casting: Pain (safe; 1% risk of failure)
Confirm with . or Enter, or press ? or * to list all spells.
Aiming: Pain (safe; 1% risk of failure)
Press: ? - help, Shift-Dir - straight line, f - jackal
Aim: a jackal (chance to affect: 93%)
The jackal writhes in agony.
The jackal closely misses you. 😮 HP[-1] MP[-1]
You take 1 damage, and now have 15/25 hp.
You lost 1 mp, and now have 5/9 mp.
Casting: Pain (safe; 1% risk of failure)
Confirm with . or Enter, or press ? or * to list all spells.
Aiming: Pain (safe; 1% risk of failure)
Press: ? - help, Shift-Dir - straight line, f/p - jackal
Aim: a jackal (almost dead, chance to affect: 93%)
The jackal writhes in agony!
You kill the jackal! 😮 HP[-1] MP[-1]
You take 1 damage, and now have 14/25 hp.
You lost 1 mp, and now have 4/9 mp.
Casting: Pain (safe; 1% risk of failure)
Confirm with . or Enter, or press ? or * to list all spells.
You can't see any susceptible monsters within range! (Use Z to cast anyway.)
You start resting. 😮 HP[+4] MP[+5]
You regained 4 hp, and now have 18/25 hp.
Your mp is fully restored (9).
Key pressed, stopping explore.
Key pressed, stopping explore.
b - 2 potions of magic (gained 1) Key pressed, stopping explore.
A kobold comes into view.
It is wielding a +2 short sword of venom. 😎 HP[+7]
Your hp is fully restored (25).
Unknown command.
A kobold comes into view. It is wielding a +0 whip.
The kobold shouts! x2
You barely miss the kobold. You barely miss the kobold.
Your punch misses the kobold. The kobold barely misses you.
You closely miss the kobold. The kobold hits you with a +0 whip.
The kobold barely misses you. The kobold closely misses you.
The kobold misses you. 😕 HP[-3]
You take 3 damage, and now have 22/25 hp.
You are too injured to fight recklessly!
You are too injured to fight recklessly!
You are too injured to fight recklessly!
You are too injured to fight recklessly!
You are too injured to fight recklessly!
You are too injured to fight recklessly!
You are too injured to fight recklessly!
You are too injured to fight recklessly!
You are too injured to fight recklessly!
You are too injured to fight recklessly!
You are too injured to fight recklessly!
You are too injured to fight recklessly!
You are too injured to fight recklessly!
You are too injured to fight recklessly!
You hit the kobold. The kobold barely misses you.
The kobold hits you with a +2 short sword of venom.
You are poisoned. 😕 HP[-1]
You take 1 damage, and now have 21/25 hp.
Casting: Pain (safe; 1% risk of failure)
Confirm with . or Enter, or press ? or * to list all spells.
Aiming: Pain (safe; 1% risk of failure)
Press: ? - help, Shift-Dir - straight line, f - kobold
Aim: a kobold, wielding a +2 short sword of venom and quivering stones (chance to affect: 93%)
The kobold barely resists.
You feel sick. The kobold hits you but does no damage.
The kobold hits you with a +2 short sword of venom.
* * * LOW HITPOINT WARNING * * *
You are lethally poisoned! 😨 HP[-9] MP[-1]
You take 9 damage, and now have 12/25 hp.
MASSIVE DAMAGE!! (PAUSE)
You lost 1 mp, and now have 8/9 mp.
It was a potion of degeneration.
There was something very wrong with that liquid.
You feel weakened.
You feel dopey.
You feel clumsy.
* * * LOW HITPOINT WARNING * * *
You feel very sick. The kobold misses you.
The kobold hits you with a +2 short sword of venom.
* * * LOW HITPOINT WARNING * * *
You are more poisoned. 😱 HP[-6]
You take 6 damage, and now have 6/25 hp.
MASSIVE DAMAGE!! (PAUSE) It was a potion of attraction.
You feel attractive to monsters.
* * * LOW HITPOINT WARNING * * *
You feel very sick. The kobold barely misses you.
The kobold closely misses you. 😱 HP[-5]
You take 5 damage, and now have 1/25 hp.
It was a potion of invisibility.
You fade into invisibility!
You die...

Skill      XL: |  1  2  3 |
---------------+----------+-----
Spellcasting   | 5 |  5.0
Fighting       | |  0.6
Short Blades   | |  0.6
Long Blades    | |  0.6
Axes           | |  0.6
Maces & Flails | |  0.6
Polearms       | |  0.6
Staves         | |  0.6
Slings         | |  0.6
Bows           | |  0.6
Crossbows      | |  0.6
Throwing       | |  0.6
Armour         | |  0.6
Dodging        | |  4.5
Stealth        | |  4.1
Shields        | |  0.6
Unarmed Combat | |  0.6
Conjurations   | |  0.4
Hexes          | |  0.4
Summonings     | |  0.4
Necromancy     | |  7.1
Translocations | |  0.4
Transmutations | |  0.4
Fire Magic     | |  0.4
Ice Magic      | |  0.4
Air Magic      | |  0.4
Earth Magic    | |  0.4
Poison Magic   | |  0.4
Invocations    | |  0.8
Evocations     | |  0.6

Action                   || total
-------------------------++-------
Melee: Mace              ||     6
       Club              ||     1
       Bite              ||     1
 Cast: Pain              ||    37
  Use: Potion            ||     3
 Stab: Sleeping          ||     1
Armor: Robe              ||     3
Dodge: Dodged            ||    19

Levels and vault maps discovered:
D:1:      lightli_arrival_windingriver, layout_basic,
          chequers_serial_rivers_micro_e

Notes
Turn   | Place    | Note
-------+----------+-------------------------------------------
     0 | D:1      | spaghetti the Gnoll Necromancer began the quest for the
                  | Orb.
     0 | D:1      | Reached XP level 1. HP: 13/13 MP: 6/6
     0 | D:1      | magus.rc [v1.9.6]
   355 | D:1      | Reached XP level 2. HP: 18/19 MP: 5/7
   915 | D:1      | Reached XP level 3. HP: 24/25 MP: 7/9
  1006 | D:1      | Reached skill level 5 in Spellcasting
  1176 | D:1      | HP: 6/25 [kobold/+2 short sword of venom (1)]
  1177 | D:1      | HP: 1/25 [poisoned by a kobold]
  1178 | D:1      | Succumbed to a kobold's poison

Vanquished Creatures
  A bat (D:1)
  2 endoplasms (D:1)
  A giant cockroach (D:1)
  A hobgoblin (D:1)
  3 jackals (D:1)
  2 kobolds (D:1)
  2 quokkas (D:1)
  2 ball pythons (D:1)
  A frilled lizard (D:1)
  4 goblins (D:1)
  7 rats (D:1)
26 creatures vanquished.

Table legend:
 A = Non-vault XP
 B = Vault XP
 C = Vault XP percentage of total XP
 D = Non-vault monster count
 E = Vault monster count
 F = Vault count percentage of total count
                 A         B        C        D         E       F
            +---------+---------+-------+---------+---------+-------
      Total |      42 |       0 |   0.0 |      26 |       0 |   0.0
            +---------+---------+-------+---------+---------+-------
        D:1 |      42 |       0 |   0.0 |      26 |       0 |   0.0
            +---------+---------+-------+---------+---------+-------

Illustrated notes

Table legend:
 A = Kills in this place as a percentage of kills in entire the game.
 B = Kills by you in this place as a percentage of kills by you in the entire game.
 C = Kills by friends in this place as a percentage of kills by friends in the entire game.
 D = Other kills in this place as a percentage of other kills in the entire game.
 E = Experience gained in this place as a percentage of experience gained in the entire game.
 F = Experience gained in this place divided by the number of levels of this place that you have seen.
                   A       B       C       D       E      F
               +-------+-------+-------+-------+-------+----------------------
         Total | 100.0 | 100.0 |   N/A |   N/A | 100.0 |  42.0
       Dungeon | 100.0 | 100.0 |   N/A |   N/A | 100.0 |  42.0
               +-------+-------+-------+-------+-------+----------------------

Table legend: (Time is in decaauts)
 A = Elapsed time spent in this place.
 B = Non-inter-level travel time spent in this place.
 C = Inter-level travel time spent in this place.
 D = Time resting spent in this place.
 E = Time spent auto-exploring this place.
 F = Levels seen in this place.
 G = Mean time per level.
                   A        B        C        D        E       F      G
               +--------+--------+--------+--------+--------+-----+--------+
         Total |   1182 |   1182 |      0 |     40 |   1016 |   1 | 1182.0 |
       Dungeon |   1182 |   1182 |      0 |     40 |   1016 |   1 | 1182.0 |
               +--------+--------+--------+--------+--------+-----+--------+

Top non-repeatable levels by time:
     D:1: 1182 daAuts
